 Dungeon Crawl Stone Soup version 0.25.1-2-g60ff931df9 (webtiles) character file.

Game seed: 9636826814541784986

5605 gruber the Protected (level 10, -4/79 HPs)
             Began as a Minotaur Fighter on Aug 18, 2020.
             Slain by Erica
             ... wielding a +2 scimitar of flaming
              (8 damage)
             ... on level 8 of the Dungeon.
             The game lasted 00:08:34 (8069 turns).

gruber the Protected (Minotaur Fighter)             Turns: 8069, Time: 00:08:35

Health: -4/79      AC: 14    Str: 24    XL:     10   Next: 45%
Magic:  9/9        EV: 12    Int:  8    God:
Gold:   489        SH: 12    Dex: 10    Spells: 9/9 levels left

rFire    + . .     SeeInvis .   y - +4 long sword (freeze)
rCold    + . .     Gourm    .   c - +0 kite shield
rNeg     . . .     Faith    .   F - +0 scale mail of the Hall of Blades {rPois rC+ Int+3} (curse)
rPois    +         Spirit   .   (helmet restricted)
rElec    .         Reflect  .   E - +2 cloak
rCorr    .         Harm     .   e - +0 pair of gloves
MR       .....                  (no boots)
Stlth    ..........             (no amulet)
HPRegen  0.23/turn              v - ring of protection from fire
MPRegen  0.11/turn              (no ring)

@: slowed, very slow
A: retaliatory headbutt, horns 2
a: no special abilities


You were on level 8 of the Dungeon.
You were hungry.

You visited 2 branches of the dungeon, and saw 9 of its levels.

You collected 489 gold pieces.

Inventory:

Hand Weapons
 y - a +4 long sword of freezing (weapon)
Armour
 c - a +0 kite shield (worn)
 e - a +0 pair of gloves (worn)
 E - a +2 cloak (worn)
 F - the cursed +0 scale mail of the Hall of Blades (worn) {rPois rC+ Int+3}
   (You found it on level 6 of the Dungeon)

   It affects your intelligence (+3).
   It protects you from cold.
   It protects you from poison.
   It has a curse placed upon it.
Jewellery
 v - a ring of protection from fire (left hand)
Wands
 w - a wand of random effects (5)
 C - a wand of enslavement (15)
 I - a wand of flame (8)
Scrolls
 h - a scroll of random uselessness {unknown}
 i - a scroll of blinking {unknown}
 j - 5 scrolls of teleportation
 l - 2 scrolls of enchant armour
 m - a scroll of amnesia {unknown}
 n - 2 scrolls of immolation {unknown}
 o - a scroll of fog {unknown}
 p - 3 scrolls of remove curse
 q - 2 scrolls of magic mapping
 u - 2 scrolls of identify
 x - 3 scrolls of enchant weapon {unknown}
Potions
 a - a potion of stabbing {unknown}
 b - 2 potions of degeneration {unknown}
 d - a potion of might
 g - 2 potions of brilliance {unknown}
 k - 4 potions of curing {unknown}
 s - 4 potions of heal wounds {unknown}
 t - a potion of invisibility {unknown}
 z - a potion of cancellation {unknown}
 A - 2 potions of berserk rage {unknown}
 B - a potion of haste {unknown}
 D - 2 potions of flight {unknown}
 G - a potion of resistance {unknown}
 H - a potion of mutation {unknown}
 J - 2 potions of magic {unknown}
 K - 2 potions of lignification {unknown}
Comestibles
 f - 14 rations


   Skills:
 - Level 4.2 Fighting
 - Level 5.2 Long Blades
 - Level 13.1 Armour
 * Level 7.1 Dodging
 - Level 10.0 Shields
 - Level 1.0 Evocations


You had 9 spell levels left.
You didn't know any spells.
Your spell library was empty.

Dungeon Overview and Level Annotations

Branches:
Dungeon (8/15)             Temple (1/1) D:4
   Lair: D:8-11

Altars:
Ashenzari
Dithmenos
Elyvilon
Fedhas
Gozag
Hepliaklqana
Makhleb
Nemelex Xobeh
Qazlal
Ru
Sif Muna
Trog
Uskayaw
Vehumet
Wu Jian
Xom
Yredelemnul
Zin
The Shining One

Shops:
D:8 :

Annotations:
D:8 2 transporters, Erica; Grum; xccam's ghost, novice OpAs


Innate Abilities, Weirdness & Mutations

You reflexively headbutt those who attack you in melee.
You have a pair of horns on your head.


Message History

You hear an angry hiss.
You hear a shout! x2
The wolf bites you.
* * * LOW HITPOINT WARNING * * *
Grum hits you but does no damage.
A howler monkey opens the door.
The wolf barely misses you.
You riposte.
You hit the wolf. You freeze the wolf. Your headbutt misses the wolf.
The wolf is moderately wounded.
The wolf bites you but does no damage. Something hits you.
* * * LOW HITPOINT WARNING * * *
Something burns you.
* * * LOW HITPOINT WARNING * * *
There is an escape hatch in the floor here.
Unknown command.
The wolf closely misses you.
You riposte.
You slash the wolf! You freeze the wolf.
The wolf is almost dead.
Grum closely misses you. You block the wolf's attack.
The howler monkey hoots and howls with incredible vigour!
Something hits you!
You die...

####.#_...##.................
#.###.##.................. #.
#.###.#................... .#
#..#..#................... ..
##...##................... ##
###.############'######... ..
#.#_#.................#... #
#.###......h..........#...
#..).....@hg..........'...
#.....######'###....###...
#.....# ######..... ####'###
#..... ########......# #.....
..............# #.....
..............# #.....
...........[..# #.....
..............# #.....


You could see Grum, a wolf and a howler monkey (catching breath).

Vanquished Creatures
  Harold (D:8)
  Maurice (D:8)
  Maggie (D:6)
  Prince Ribbit (D:5)
  A hippogriff (D:7)
  A wyvern (D:8)
  Eustachio (D:6)
  2 hungry ghosts
  A water moccasin (D:7)
  Edmund (D:6)
  Duvessa (D:6)
  A sky beast (D:7)
  A black bear (D:8)
  2 ogres (D:7)
  2 phantoms (D:5)
  2 wolves (D:8)
  4 centaurs
  3 bullfrogs
  A wyvern skeleton (D:7)
  Dowan (D:6)
  2 scorpions
  15 wights
  6 crimson imps
  A bullfrog zombie (D:7)
  5 hounds
  A jelly (D:8)
  Crazy Yiuf (D:6)
  A bullfrog skeleton (D:8)
  A gnoll shaman (D:3)
  An iguana (D:8)
  2 orc wizards (D:7)
  4 worker ants
  A hound zombie (D:7)
  A hound skeleton (D:8)
  A worker ant zombie (D:6)
  Robin (D:4)
  11 gnolls
  2 howler monkey skeletons
  7 adders
  A shadow imp (D:7)
  An adder zombie (D:7)
  An adder skeleton (D:4)
  4 worms
  A dart slug (D:5)
  2 leopard geckos
  5 orcs
  4 bats (D:1)
  6 giant cockroaches
  17 goblins
  12 hobgoblins
  20 jackals
  10 kobolds
  3 quokkas
  3 ball pythons
  7 frilled lizards
  A jackal skeleton (D:4)
  8 rats
199 creatures vanquished.

Notes
Turn   | Place    | Note
-------+----------+-------------------------------------------
     0 | D:1      | gruber the Minotaur Fighter began the quest for the Orb.
     0 | D:1      | Reached XP level 1. HP: 19/19 MP: 0/0
   136 | D:1      | Reached XP level 2. HP: 26/26 MP: 1/1
   497 | D:1      | Reached XP level 3. HP: 31/31 MP: 2/2
  1037 | D:2      | Reached skill level 5 in Long Blades
  1043 | D:2      | Reached XP level 4. HP: 39/39 MP: 3/3
  1570 | D:3      | Reached skill level 4 in Armour
  1651 | D:3      | Found a faded altar of an unknown god.
  1884 | D:3      | Reached XP level 5. HP: 46/46 MP: 4/4
  1890 | D:3      | Reached skill level 5 in Armour
  2047 | D:3      | Reached skill level 6 in Armour
  2047 | D:3      | Reached XP level 6. HP: 49/52 MP: 5/5
  2421 | D:4      | Found a shimmering altar of Xom.
  2450 | D:4      | Noticed Robin
  2469 | D:4      | Killed Robin
  2747 | D:4      | Found a burning altar of Makhleb.
  2753 | D:4      | Reached skill level 7 in Armour
  2934 | D:4      | Found a staircase to the Ecumenical Temple.
  2940 | Temple   | Entered the Ecumenical Temple
  3298 | D:5      | Entered Level 5 of the Dungeon
  3307 | D:5      | Found a shattered altar of Ashenzari.
  3476 | D:5      | Noticed Prince Ribbit
  3720 | D:5      | Reached skill level 8 in Armour
  3720 | D:5      | Reached XP level 7. HP: 56/59 MP: 6/6
  3756 | D:5      | HP: 2/59 [gnoll/+0 halberd (8)]
  3782 | D:5      | Killed Prince Ribbit
  3782 | D:5      | Reached skill level 9 in Armour
  4082 | D:5      | Reached skill level 1 in Evocations
  4205 | D:5      | Found a shadowy altar of Dithmenos.
  4299 | D:5      | Found a basalt altar of Yredelemnul.
  4472 | D:6      | Reached skill level 10 in Armour
  4531 | D:6      | Reached XP level 8. HP: 63/66 MP: 7/7
  4624 | D:6      | Reached skill level 11 in Armour
  4724 | D:6      | Noticed Maggie
  4733 | D:6      | Killed Maggie
  4733 | D:6      | Reached skill level 12 in Armour
  4859 | D:6      | Found a shimmering blue altar of Sif Muna.
  5084 | D:6      | Noticed Duvessa
  5084 | D:6      | Noticed Dowan
  5091 | D:6      | Killed Dowan
  5103 | D:6      | Killed Duvessa
  5241 | D:6      | Reached XP level 9. HP: 64/71 MP: 8/8
  5284 | D:6      | Found a runed translucent door.
  5285 | D:6      | Noticed Crazy Yiuf
  5291 | D:6      | Killed Crazy Yiuf
  5291 | D:6      | Reached skill level 13 in Armour
  5423 | D:6      | Noticed Edmund
  5432 | D:6      | Killed Edmund
  5490 | D:6      | Got a distressingly furry scale mail
  5495 | D:6      | Identified the cursed +0 scale mail of the Hall of Blades
                  | {rPois rC+ Int+3} (You found it on level 6 of the Dungeon)
  5645 | D:6      | Noticed Eustachio
  5677 | D:6      | Killed Eustachio
  5824 | D:7      | Reached skill level 5 in Shields
  6098 | D:7      | Found a sparkling altar of Nemelex Xobeh.
  6207 | D:7      | Found a hide-covered altar of Uskayaw.
  6766 | D:7      | Reached skill level 10 in Shields
  6927 | D:8      | Found Siyroyw's Book Emporium.
  6967 | D:8      | Noticed Maurice
  7005 | D:8      | Killed Maurice
  7005 | D:8      | Reached XP level 10. HP: 74/79 MP: 9/9
  7061 | D:8      | Found a transporter.
  7061 | D:8      | Noticed xccam's ghost (novice OpAs)
  7062 | D:8      | Found a transporter.
  7065 | D:8      | Noticed a two-headed ogre
  7413 | D:8      | Found an opulent altar of Gozag.
  7413 | D:8      | Found a stormy altar of Qazlal.
  7418 | D:8      | Found a hide-covered altar of Uskayaw.
  7420 | D:8      | Found a faded altar of an unknown god.
  7423 | D:8      | Reached skill level 5 in Dodging
  7424 | D:8      | Found a faded altar of an unknown god.
  7481 | D:8      | Noticed Harold
  7503 | D:8      | Killed Harold
  8045 | D:8      | Noticed Erica
  8045 | D:8      | Noticed Grum
  8069 | D:8      | Slain by Erica

Illustrated notes

Levels and vault maps discovered:
D:1:      mrwooster_arrival_statue, layout_loops_ring,
          chequers_serial_rivers_large_a, st_stairs_13
D:2:      layout_rooms
D:3:      layout_loops_ring, chequers_ecumenical_altar_twisty,
          serial_park_tiny_1, corexii_hall_statues_l
D:4:      layout_basic, kennysheep_mini_moat, makhleb_grotto_becter,
          minmay_temple_entry_enclosed_plants, first_ration, kennysheep_boxes,
          uniq_robin
D:5:      layout_loops_cross, cheibrodos_ashenzari_chains,
          nicolae_overflow_hidden_temple, grunt_dithmenos_shadows,
          uniq_prince_ribbit1
D:6:      layout_loops_ring, led_sif_pool, uniq_eustachio,
          uniq_crazy_yiuf_cottage, uniq_edmund, uniq_duvessa, uniq_maggie
D:7:      layout_gridville, nemelex_xobeh_ov_fountains_minmay, basic_altar,
          serial_glass, glass_columns_a, glass_columns_b,
          minmay_strange_pillars, minmay_strange_pillars
D:8:      layout_gridville, chequers_temple_overflow_minitemple,
          gammafunk_ghost_smash, serial_shops, shop_fountains, uniq_harold,
          uniq_erica, uniq_maurice, uniq_grum
Temple:   dpeg_chambers_temple

Skill      XL: |  1  2  3  4  5  6  7  8  9 10 |
---------------+-------------------------------+-----
Long Blades    | 3 4 5 |  5.2
Fighting       | 4 |  4.2
Armour         | 4 6 8 10 12 13 | 13.1
Evocations     | 1 |  1.0
Shields        | 10 | 10.0
Dodging        | 3 7 |  7.1

Action                   |  1- 3 |  4- 6 |  7- 9 | 10-12 || total
-------------------------+-------+-------+-------+-------++-------
Melee: Long sword        |   102 |   218 |   327 |    80 ||   727
       Headbutt          |    15 |    35 |    59 |    17 ||   126
Evoke: Wand              |       |       |    12 |       ||    12
  Use: Scroll            |       |       |     5 |       ||     5
 Stab: Paralysed         |       |       |     1 |       ||     1
  Eat: Chunk             |     1 |     5 |    11 |     6 ||    23
       Ration            |       |     1 |     2 |       ||     3
Armor: Scale mail        |    58 |    12 |    57 |    38 ||   165
       Plate armour      |       |   118 |   103 |       ||   221
Dodge: Dodged            |    35 |    43 |    75 |    43 ||   196
Block: Kite shield       |    48 |   126 |   201 |    74 ||   449
       Rpst.: Long sword |     7 |    16 |    16 |     9 ||    48
